 Dungeon Crawl Stone Soup version 0.26-a0-835-g8259106e14 (webtiles) character file.

Game seed: 1344840472947434072

72 jasper the Shield-Bearer (level 4, -4/40 HPs)
             Began as a Palentonga Fighter on Nov 17, 2020.
             Killed by nerve-wracking pain
             ... invoked by an orc priest
              (12 damage)
             ... on level 3 of the Dungeon.
             The game lasted 00:02:24 (1027 turns).

jasper the Shield-Bearer (Palentonga Fighter)       Turns: 1027, Time: 00:02:25

Health: -4/40      AC:  6    Str: 19    XL:     4   Next: 6%
Magic:  4/4        EV:  5    Int:  9    God:
Gold:   63         SH:  9    Dex: 10    Spells: 3/3 levels left

rFire    . . .     SeeInvis +     - Unarmed
rCold    . . .     Faith    .   b - +0 kite shield
rNeg     . . .     Spirit   .   a - +0 scale mail
rPois    .         Reflect  .   (no helmet)
rElec    .         Harm     .   (no cloak)
rCorr    .         Rampage  .   (no gloves)
MR       .....                  (no barding)
Stlth    ..........             (no amulet)
HPRegen  0.13/turn              (no ring)
MPRegen  0.09/turn              (no ring)

@: hasted, very quick
A: large, rugged brown scales 3, see invisible, deformed body, roll 1, armoured
tail
a: Rolling Charge


You were on level 3 of the Dungeon.
You visited 1 branch of the dungeon, and saw 3 of its levels.

You collected 63 gold pieces.

Inventory:

Missiles
 d - 8 poisoned darts (quivered)
Armour
 a - a +0 scale mail (worn)
 b - a +0 kite shield (worn)
Scrolls
 c - a scroll of identify {unknown}


   Skills:
 - Level 3.0 Fighting
 - Level 2.4 Armour
 + Level 4.1 Shields
 - Level 2.0 Unarmed Combat


You had 3 spell levels left.
You didn't know any spells.
Your spell library was empty.

Dungeon Overview and Level Annotations

Branches:
Dungeon (3/15)

Altars:
Dithmenos
Makhleb
Sif Muna


Innate Abilities, Weirdness & Mutations

You are completely covered in rugged brown scales. (AC +3, +7% HP)
You have supernaturally acute eyesight. (SInv)
Armour fits poorly on your strangely shaped body.
You can roll at nearby foes to attack.
You have a long armoured tail.


Message History

You block the orc priest's attack.
You hit the orc priest but do no damage.
The orc priest is heavily wounded.
The orc priest hits you with a +0 war axe.
You take 6 damage, and have 13/40 hp.
You completely miss the orc priest.
The orc priest is heavily wounded.
The orc priest looks more healthy.
You block the orc priest's attack.
You hit the orc priest but do no damage.
The orc priest is heavily wounded.
It was a potion of haste.
You feel yourself speed up.
The orc priest hits you with a +0 war axe.
* * * LOW HITPOINT WARNING * * *
You take 5 damage, and have 8/40 hp.
You hit the orc priest but do no damage.
You tail-slap the orc priest.
The orc priest is severely wounded.
The orc priest invokes the aid of Beogh against you.
Pain shoots through your body!
You die...

#### #..
..# #.# #K#
#.####.#
#.#.....
#@#.##.##.#
#o#.##..o..
#((..>.#
###..[<#
###..# #..#
#....
#.#### #.


You could see an orc priest.

Vanquished Creatures
  3 gnolls (D:2)
  A worm (D:2)
  A dart slug (D:2)
  2 ball pythons (D:2)
  2 giant cockroaches (D:2)
  3 goblins (D:2)
  6 hobgoblins (D:2)
  3 jackals (D:2)
  A quokka (D:2)
  5 bats (D:2)
  A frilled lizard (D:2)
  5 kobolds
  5 rats
38 creatures vanquished.

Notes
Turn   | Place    | Note
-------+----------+-------------------------------------------
     0 | D:1      | jasper the Palentonga Fighter began the quest for the Orb.
     0 | D:1      | Reached XP level 1. HP: 20/20 MP: 1/1
   111 | D:2      | Reached XP level 2. HP: 21/27 MP: 2/2
   117 | D:2      | Reached skill level 3 in Shields
   278 | D:2      | Reached XP level 3. HP: 23/33 MP: 3/3
   689 | D:2      | Found a shimmering blue altar of Sif Muna.
   689 | D:2      | Found a burning altar of Makhleb.
   697 | D:2      | Found a shadowy altar of Dithmenos.
   746 | D:2      | Reached skill level 4 in Shields
   938 | D:2      | Reached XP level 4. HP: 36/40 MP: 4/4
  1027 | D:3      | Killed from afar by an orc priest

Illustrated notes

Levels and vault maps discovered:
D:1:      nzn_arrival_water_spiral, layout_basic, minmay_misc_feat_columns,
          minmay_pentomino_p4
D:2:      layout_basic, chequers_temple_overflow_statue_of_worship,
          minmay_misc_feat_plants
D:3:      layout_loops_cross, marbit_many_paths, fedhas_ov_isle_minmay

Skill      XL: |  1  2  3 |
---------------+----------+-----
Shields        | 3 4 |  4.1
Fighting       | |  3.0
Armour         | |  2.4
Unarmed Combat | |  2.0

Action                   |  1- 3 |  4- 6 || total
-------------------------+-------+-------++-------
Melee: Unarmed           |    78 |    21 ||    99
       Tailslap          |     9 |     4 ||    13
Throw: Dart              |    37 |     7 ||    44
 Abil: Rolling Charge    |    12 |     3 ||    15
  Use: Potion            |     1 |     1 ||     2
Armor: Scale mail        |    29 |     3 ||    32
Dodge: Dodged            |    13 |     4 ||    17
Block: Kite shield       |    45 |    10 ||    55

Table legend: (Time is in decaauts)
 A = Elapsed time spent in this place.
 B = Non-inter-level travel time spent in this place.
 C = Inter-level travel time spent in this place.
 D = Time resting spent in this place.
 E = Time spent auto-exploring this place.
 F = Levels seen in this place.
 G = Mean time per level.
                   A        B        C        D        E       F      G
               +--------+--------+--------+--------+--------+-----+--------+
         Total |   1032 |   1010 |     22 |    124 |    636 |   3 |  344.0 |
       Dungeon |   1032 |   1010 |     22 |    124 |    636 |   3 |  344.0 |
               +--------+--------+--------+--------+--------+-----+--------+

Top non-repeatable levels by time:
     D:2: 1002 daAuts
     D:3: 28 daAuts
     D:1: 2 daAuts
